AoeStats
← Herby

Arena

508810732Analyzed
4v4 RM · 8d ago on Sep 24, 2026· 41m 25s· 8 players
Game mode
Random Map
Map size
Large (8 player)
Population
200
Speed
Normal
Resources
Standard
Victory
Conquest
Starting age
Dark Age
Ending age
Imperial Age
RankedLock teamsTeams togetherTeam positionsShared explorationLock speedFull tech treeHidden civsTurbo modeCheats
Victory
Defeat
🇺🇸 Franks · United States
1565
+9
🇺🇸 Danes · United States
1393
+16
🇺🇸 Persians · United States
1332
+18
🇦🇹 Byzantines · Austria
1316
+19
🇲🇽 Romans · Mexico
1427
-17
🇲🇽 Danes · Mexico
1416
-17
🇲🇽 Varangians · Mexico
1351
-14
🇦🇷 Saxons · Argentina
1345
-14
[GG] Trollermeister
11:14 Feudal Age
12:05 Double-Bit Axe
14:51 Castle Age
13:04 Horse Collar
17:10 Bow Saw
17:01 Heavy Plow
17:39 Loom
20:18 Wheelbarrow
20:46 Forging
21:57 Scale Mail Armor
24:22 Chain Mail Armor
24:13 Squires
26:07 Hand Cart
25:38 Town Watch
26:16 Gold Mining
26:16 Stone Mining
26:56 Arson
26:56 Gambesons
31:25 Imperial Age
29:55 Iron Casting
32:39 Plate Mail Armor
32:59 Conscription
32:01 Elite Varangian Guard
34:12 Blast Furnace
32:45 Hamask
35:05 Man-at-Arms
35:43 Fletching
36:01 Siege Engineers
35:43 Long Swordsman
36:29 Capped Ram
36:39 Two-Handed Swordsman
37:55 Ballistics
37:48 Masonry
37:58 Siege Ram
38:42 Champion
38:43 Pikeman
41:57 Hoardings
40:44 Northmen's Fury
40:59 Onager
[LMB] xvedejas
10:17 Feudal Age
13:48 Castle Age
12:20 Double-Bit Axe
12:17 Horse Collar
14:44 Bow Saw
14:43 Heavy Plow
15:11 Loom
19:06 Gold Mining
19:59 Wheelbarrow
29:23 Hand Cart
28:54 Town Watch
33:04 Town Patrol
37:15 Imperial Age
35:15 Scale Barding Armor
35:21 Forging
35:37 Masonry
36:37 Chain Barding Armor
37:00 Gold Shaft Mining
37:32 Bloodlines
36:59 Cavalier
37:39 Husbandry
38:16 Iron Casting
39:03 Chemistry
40:12 Architecture
39:41 Savar
birdie196
5:11 Loom
11:30 Feudal Age
12:49 Double-Bit Axe
15:07 Castle Age
24:37 Bow Saw
27:53 Wheelbarrow
27:52 Fletching
28:50 Bodkin Arrow
32:24 Imperial Age
30:37 Ballistics
30:21 Padded Archer Armor
30:20 Ordonnance Companies
32:18 Leather Archer Armor
32:46 Cranequins
34:31 Chemistry
33:42 Husbandry
35:57 Gold Mining
36:50 Light Cavalry
37:01 Heavy Mounted Crossbowman
38:44 Conscription
39:51 Caravan
42:02 Caravan
Dirty_Squirrel
5:21 Loom
12:21 Feudal Age
13:09 Double-Bit Axe
16:28 Castle Age
14:17 Horse Collar
15:52 Fletching
24:09 Scale Barding Armor
28:55 Forging
30:05 Devotion
30:45 Heavy Plow
32:19 Wheelbarrow
35:28 Imperial Age
34:37 Hand Cart
34:53 Greek Fire
35:31 Chain Barding Armor
35:47 Iron Casting
35:23 Pikeman
36:03 Squires
37:29 Conscription
37:09 Gold Mining
37:10 Stone Mining
38:04 Bow Saw
38:33 Crop Rotation
38:42 Plate Barding Armor
39:59 Chemistry
39:10 Fortified Wall
40:25 Logistica
40:51 Scale Mail Armor
42:07 Two-Man Saw
Herby
10:25 Feudal Age
10:46 Loom
14:10 Castle Age
12:58 Double-Bit Axe
13:07 Gold Mining
15:35 Bow Saw
20:21 Redemption
33:00 Horse Collar
35:16 Heavy Plow
35:56 Wheelbarrow
36:54 Hand Cart
38:49 Gold Shaft Mining
41:57 Imperial Age
41:42 Fortified Wall
CrashTag
10:38 Feudal Age
11:31 Double-Bit Axe
14:26 Castle Age
12:15 Horse Collar
15:01 Wheelbarrow
16:12 Loom
21:07 Bow Saw
24:30 Heavy Plow
26:30 Hand Cart
28:06 Squires
27:52 Arson
30:49 Imperial Age
28:37 Forging
28:27 Scale Mail Armor
30:08 Iron Casting
30:47 Chain Mail Armor
31:04 Elite Varangian Guard
33:10 Plate Mail Armor
33:40 Blast Furnace
33:57 Two-Man Saw
35:17 Gold Mining
39:09 Blast Furnace
38:55 Conscription
38:00 Gothikon
41:42 Crop Rotation
[Pb] Komodo 3000
10:19 Feudal Age
13:58 Castle Age
13:49 Gold Mining
14:05 Double-Bit Axe
17:14 Loom
19:21 Gambesons
21:26 Scale Mail Armor
26:15 Forging
26:24 Chain Mail Armor
28:03 Squires
31:49 Horse Collar
33:33 Bow Saw
33:26 Heavy Plow
36:15 Wheelbarrow
36:55 Fletching
41:40 Imperial Age
39:46 Masonry
40:56 Ballistics
BocaJuniorsElMasGrande
3:32 Loom
4:48 Loom
6:53 Loom
10:46 Feudal Age
14:47 Castle Age
12:34 Double-Bit Axe
13:00 Horse Collar
13:32 Stone Mining
13:56 Loom
15:44 Bow Saw
15:35 Heavy Plow
16:24 Gold Mining
16:37 Town Watch
24:58 Gold Shaft Mining
26:06 Redemption
26:07 Clerical Recruitment
28:19 Sanctity
32:34 Imperial Age
31:13 Wheelbarrow
34:52 Two-Man Saw
34:49 Elite Varangian Guard
35:15 Arson
35:30 Squires
35:16 Gambesons
35:33 Scale Mail Armor
35:43 Forging
36:30 Chain Mail Armor
36:06 Fletching
36:30 Forging
36:52 Murder Holes
38:04 Pikeman
39:25 Plate Mail Armor
39:31 Iron Casting
40:13 Bodkin Arrow
Connection lost

Rejoining the realm…

Still unreachable

The connection could not be restored.

Session expired

The server has moved on; the page needs a fresh start.